 Dungeon Crawl Stone Soup version 0.21.1-1-g345015fe64 (webtiles) character file.

219 Faustar the Cudgeler (level 5, -2/34 HPs)
             Began as a Gargoyle Gladiator on Feb 5, 2018.
             Slain by an ogre
             ... wielding a +0 giant club
              (19 damage)
             ... on level 4 of the Dungeon.
             The game lasted 00:04:09 (2972 turns).

Faustar the Cudgeler (Gargoyle Gladiator)           Turns: 2972, Time: 00:04:10

Health: -2/34      AC: 14    Str: 18    XL:     5   Next: 96%
Magic:  5/5        EV:  7    Int:  9    God:
Gold:   110        SH:  0    Dex: 11    Spells: 4/4 levels left

rFire    . . .     SeeInvis .   a - +0 flail
rCold    . . .     Gourm    .   (no shield)
rNeg     + . .     Faith    .   k - +0 chain mail
rPois    ∞         Spirit   .   c - +0 helmet
rElec    +         Reflect  .   (no cloak)
rCorr    .         Harm     .   j - +0 pair of gloves
MR       .....                  (no boots)
Stlth    ..........             (no amulet)
HPRegen  0.11/turn              (no ring)
MPRegen  0.09/turn              (no ring)

@: no status effects
A: negative energy resistance 1, electricity resistance, unbreathing,
petrification resistance, rot immunity, AC +4
a: no special abilities


You were on level 4 of the Dungeon.
You were hungry.

You visited 1 branch of the dungeon, and saw 4 of its levels.

You collected 110 gold pieces.

Inventory:

Hand Weapons
 a - a +0 flail (weapon)
Missiles
 d - 3 throwing nets (quivered)
Armour
 b - a +0 leather armour
 c - a +0 helmet (worn)
 j - a +0 pair of gloves (worn)
 k - a +0 chain mail (worn)
Jewellery
 e - an uncursed ring of wizardry {unknown}
 m - a cursed -5 ring of protection {unknown}
Wands
 o - a wand of polymorph (10)
Scrolls
 g - 3 scrolls of magic mapping {unknown}
 h - 2 scrolls of identify {unknown}
 l - 2 scrolls of random uselessness {unknown}
 n - a scroll of remove curse {unknown}
Potions
 i - a potion of agility {unknown}
Comestibles
 f - 3 rations


   Skills:
 + Level 4.7 Fighting
 - Level 5.0 Maces & Flails
 - Level 1.7 Throwing
 - Level 2.4 Dodging


You had 4 spell levels left.
You didn't know any spells.

Dungeon Overview and Level Annotations

Branches:
Dungeon (4/15)
 Temple: D:4-7

Altars:


Innate Abilities, Weirdness & Mutations

You are resistant to torment.
Your stone body is resilient. (AC +4)
You are immune to poison.
You resist negative energy. (rN+)
You are resistant to electric shocks. (rElec)
You can survive without breathing.
You are immune to petrification.
You are immune to rotting.


Message History

p - a chunk of flesh You start resting.
Eating a chunk of flesh.
You eat the chunk of flesh.
This raw flesh tastes terrible.
You are feeling hungry.
HP restored.
Okay, then.
You see here a scorpion corpse.
Found 11 poisoned needles.
An ogre comes into view. It is wielding a giant club.
An ogre is nearby!
An ogre is nearby!
An ogre is nearby!
The ogre shouts!
You see here a scorpion corpse.
You hit the ogre but do no damage. The ogre hits you with a giant club!
Ouch! That really hurt!
Your chain mail prevents you from hitting the ogre.
The ogre hits you with a giant club!!
Ouch! That really hurt!
You die...

.#
.##.........
.##.# .......
###....#
#...# #.<..#
#...#
............#
##..#
........###.#
#†##
..####.## #.#
# .# #O## .#
#@.# ..
####.# #.
..##.# #.##.#
#.##.# #.##.#
#.##.# #.##.#
#..#.#.#


You could see an ogre.

Vanquished Creatures
  A scorpion (D:4)
  An orc wizard (D:3)
  2 worker ants
  An adder (D:2)
  2 oozes
  A worm (D:3)
  A dart slug (D:2)
  4 leopard geckos
  2 orcs (D:3)
  4 ball pythons
  8 bats
  4 giant cockroaches
  3 goblins (D:1)
  10 hobgoblins
  3 jackals (D:1)
  7 kobolds
  A quokka (D:3)
  3 frilled lizards
  A quokka skeleton (D:4)
  7 rats
66 creatures vanquished.

Notes
Turn   | Place    | Note
-------+----------+-------------------------------------------
     0 | D:1      | Faustar the Gargoyle Gladiator began the quest for the Orb.
     0 | D:1      | Reached XP level 1. HP: 12/12 MP: 1/1
   130 | D:1      | Reached XP level 2. HP: 14/17 MP: 2/2
   358 | D:1      | Reached skill level 4 in Maces & Flails
   402 | D:1      | Reached XP level 3. HP: 20/21 MP: 3/3
   971 | D:2      | Found a faded altar of an unknown god.
  1208 | D:2      | Reached XP level 4. HP: 13/26 MP: 4/4
  1228 | D:2      | Reached skill level 5 in Maces & Flails
  2305 | D:3      | Reached XP level 5. HP: 20/32 MP: 5/5
  2959 | D:4      | Noticed an ogre
  2972 | D:4      | Slain by an ogre

Skill      XL: |  1  2  3  4  5 |
---------------+----------------+-----
Maces & Flails | 4 5 |  5.0
Fighting       | 3 4 |  4.7
Throwing       | |  1.7
Dodging        | |  2.4

Action                   |  1- 3 |  4- 6 || total
-------------------------+-------+-------++-------
Melee: Flail             |   120 |   123 ||   243
  Eat: Chunk             |     1 |     5 ||     6
Armor: Leather armour    |    33 |       ||    33
       Chain mail        |    38 |    77 ||   115
Dodge: Dodged            |    59 |    46 ||   105
